 Dungeon Crawl Stone Soup version 0.23-a0-635-g88ca12a (webtiles) character file.

81 galech the Skirmisher (level 4, 35/35 HPs)
             Began as a Demonspawn Fighter on Dec 27, 2018.
             Quit the game on level 2 of the Dungeon.
             The game lasted 00:01:43 (1012 turns).

galech the Skirmisher (Demonspawn Fighter)          Turns: 1012, Time: 00:01:44

Health: 35/35      AC:  6    Str: 17    XL:     4   Next: 19%
Magic:  4/4        EV:  7    Int:  9    God:
Gold:   122        SH:  9    Dex: 13    Spells: 3/3 levels left

rFire    . . .     SeeInvis .   a - +0 war axe
rCold    + . .     Gourm    .   c - +0 shield
rNeg     . . .     Faith    .   b - +0 scale mail
rPois    .         Spirit   .   (no helmet)
rElec    .         Reflect  .   (no cloak)
rCorr    .         Harm     .   (no gloves)
MR       .....                  (no boots)
Stlth    +.........             (no amulet)
HPRegen  0.11/turn              m - ring of stealth
MPRegen  0.09/turn              (no ring)

@: no status effects
A: talons 1, cold resistance 1, spiny 1
a: no special abilities


You were on level 2 of the Dungeon.
You were not hungry.

You visited 1 branch of the dungeon, and saw 2 of its levels.

You collected 122 gold pieces.

Inventory:

Hand Weapons
 a - a +0 war axe (weapon)
Armour
 b - a +0 scale mail (worn)
 c - a +0 shield (worn)
Jewellery
 m - a ring of stealth (left hand)
Scrolls
 e - 3 scrolls of identify {unknown}
 h - a scroll of fog {unknown}
 i - 2 scrolls of teleportation {unknown}
 k - a scroll of magic mapping {unknown}
 l - a scroll of remove curse {unknown}
 n - a scroll of enchant weapon {unknown}
 p - a scroll of blinking {unknown}
Potions
 d - a potion of might
 g - a potion of lignification {unknown}
 o - a potion of resistance {unknown}
Comestibles
 f - 3 rations
 j - 13 chunks of flesh


   Skills:
 + Level 3.3 Fighting
 + Level 2.8 Axes
 + Level 3.2 Armour
 + Level 0.5 Dodging
 + Level 3.1 Shields


You had 3 spell levels left.
You didn't know any spells.
Your spell library was empty.

Dungeon Overview and Level Annotations

Branches:
Dungeon (2/15)

Altars:


Innate Abilities, Weirdness & Mutations

You have sharp toenails.
Your flesh is cold resistant. (rC+)
You are partially covered in sharp spines.


Message History

No target in view!
No target in view!
No target in view!
No target in view!
No target in view!
Items here: †††† a jackal corpse x3; a rat corpse Butcher a jackal corpse? [(y)es/(n)o/(a)ll/(q)uit/?]
You butcher the jackal corpse. x3
You butcher the rat corpse.
j - 11 chunks of flesh (gained 1);
j - 13 chunks of flesh (gained 2)
j - 14 chunks of flesh (gained 1);
j - 15 chunks of flesh (gained 1)
Items here: ÷÷÷÷ a jackal skeleton x3; a rat skeleton Some of the chunks of flesh in your inventory have rotted away.
Eating one of 14 chunks of flesh.
You eat one of the 14 chunks of flesh.
This raw flesh tastes terrible.
You now have 122 gold pieces (gained 13).
Found a stone staircase leading up.
Are you sure you want to abandon this character and quit the game? (Confirm

#...(....#.# #.# #..###
##......##.# #.# #.....
##....###.# #.########.###
###### #.# #..#..........
..#.####.#.#####.###
#.#...........##.#
.......#.######......##.#
........#.#....#......##'###
........#.#@##.#............
........#.#.<#.#............
........#.#..#.#.#..........
........#.#..#.#.#....##'###
........#.####.#.#....##.#
...............#.#..####.#
........########.#...# #.#
.........÷.......#.#.###.#
......†.##########.#..##.#


There were no monsters in sight!

Vanquished Creatures
  Jessica (D:2)
  An adder (D:2)
  An adder skeleton (D:2)
  A dart slug (D:1)
  A leopard gecko (D:1)
  3 bats
  10 giant cockroaches
  A goblin (D:1)
  3 hobgoblins
  4 jackals (D:2)
  3 kobolds
  A quokka (D:2)
  A ball python (D:2)
  2 frilled lizards (D:1)
  3 rats
36 creatures vanquished.

Notes
Turn   | Place    | Note
-------+----------+-------------------------------------------
     0 | D:1      | galech the Demonspawn Fighter began the quest for the Orb.
     0 | D:1      | Reached XP level 1. HP: 18/18 MP: 1/1
   327 | D:1      | Gained mutation: You have sharp toenails. [demonic
                  | ancestry]
   327 | D:1      | Reached XP level 2. HP: 23/24 MP: 2/2
   778 | D:2      | Noticed Jessica
   785 | D:2      | Killed Jessica
   785 | D:2      | Gained mutation: Your flesh is cold resistant. (rC+)
                  | [demonic ancestry]
   785 | D:2      | Reached XP level 3. HP: 15/29 MP: 3/3
   967 | D:2      | Gained mutation: You are partially covered in sharp spines.
                  | [demonic ancestry]
   967 | D:2      | Reached XP level 4. HP: 31/35 MP: 4/4
  1012 | D:2      | Quit the game

Vault maps used:
D:1:      noname_arrival_rooms_in_the_neighbourhood, serial_forest,
          infiniplex_forest_end_1, infiniplex_forest_lined_4_way,
          infiniplex_forest_clump_medium, infiniplex_forest_corner_2,
          infiniplex_forest_clump_cross, infiniplex_forest_lined_room_2,
          nrook_mini_vaults, minmay_door_square
D:2:      minmay_roachtagon, uniq_jessica

Skill      XL: |  1  2 |
---------------+-------+-----
Axes           | 2 |  2.8
Shields        | 3 |  3.1
Armour         | 3 |  3.2
Fighting       | |  3.3
Dodging        | |  0.5

Action                   |  1- 3 |  4- 6 || total
-------------------------+-------+-------++-------
Melee: War axe           |    91 |    15 ||   106
       Kick              |    14 |     3 ||    17
  Eat: Chunk             |       |     1 ||     1
Armor: Scale mail        |    52 |     6 ||    58
Dodge: Dodged            |    28 |     8 ||    36
Block: Shield            |    49 |    10 ||    59

Table legend:
 A = Non-vault XP
 B = Vault XP
 C = Vault XP percentage of total XP
 D = Non-vault monster count
 E = Vault monster count
 F = Vault count percentage of total count
                 A         B        C        D         E       F
            +---------+---------+-------+---------+---------+-------
      Total |      63 |      53 |  45.7 |      27 |       9 |  25.0
            +---------+---------+-------+---------+---------+-------
        D:1 |      23 |       0 |   0.0 |      12 |       0 |   0.0
        D:2 |      40 |      53 |  57.0 |      15 |       9 |  37.5
            +---------+---------+-------+---------+---------+-------
